 Dungeon Crawl Stone Soup version 0.30-a0-782-ge64f9170bb (webtiles) character file.

Game seed: 14165018485452030215

50 theswoord the Cudgeller (level 3, -2/27 HPs)
             Began as a Demonspawn Gladiator on Feb 19, 2023.
             Slain by a polar bear (13 damage)
             ... created by the rage of Trog
             ... on level 2 of the Dungeon.
             The game lasted 00:01:40 (1350 turns).

theswoord the Cudgeller (Demonspawn Gladiator)      Turns: 1350, Time: 00:01:40

Health: -2/27      AC: 13    Str: 16    XL:     3   Next: 55%
Magic:  3/3        EV: 12    Int:  9    God:
Gold:   58         SH:  0    Dex: 14    Spells: 2/2 levels left

rFire   . . .      SeeInvis .    g - +0 whip
rCold   . . .      Faith    .    (no shield)
rNeg    . . .      Spirit   .    b - +0 leather armour
rPois   .          Reflect  .    c - +0 helmet
rElec   .          Harm     .    (no cloak)
rCorr   .          Rampage  .    (no gloves)
Will    .....                    (no boots)
Stlth   +                        (no amulet)
HPRegen 0.24/turn                (no ring)
MPRegen 0.08/turn                (no ring)

@: sanguine armoured
A: sanguine armour 2
a: no special abilities


You were on level 2 of the Dungeon.
You visited 1 branch of the dungeon, and saw 2 of its levels.

You collected 58 gold pieces.

Inventory:

Hand Weapons
 a - a +0 flail
 g - a +0 whip (weapon)
Missiles
 d - 3 throwing nets (quivered)
 e - a javelin
Armour
 b - a +0 leather armour (worn)
 c - a +0 helmet (worn)
 l - a +0 pair of boots
Scrolls
 m - a scroll of enchant weapon {unknown}
Potions
 f - a potion of heal wounds
 h - a potion of curing
 i - a potion of haste {unknown}
 j - a potion of cancellation {unknown}
 k - a potion of might {unknown}
 n - a potion of lignification {unknown}


   Skills:
 - Level 2.0 Fighting
 + Level 4.2 Maces & Flails
 - Level 1.7 Throwing
 - Level 2.6 Dodging


You had 2 spell levels left.
You didn't know any spells.
Your spell library was empty.

Dungeon Overview and Level Annotations

Branches:
Dungeon (2/15)

Altars:
Trog


Innate Abilities, Weirdness & Mutations

When seriously injured, your blood forms thick armour. (AC +9)


Message History

You closely miss the ball python. The ball python bites you.
The ball python constricts you.
You hit the ball python.
You kill the ball python!
No target in view!
No target in view!
No target in view!
You now have 47 gold pieces (gained 5).
You see here a ball python corpse.
Found a stone.
You now have 58 gold pieces (gained 11).
You see here a stone.
Found a stone staircase leading down.
Found 6 poisoned darts.
A giant cockroach comes into view.
A giant cockroach is nearby!
A giant cockroach is nearby!
You hit the giant cockroach. The giant cockroach closely misses you.
You barely miss the giant cockroach. The giant cockroach bites you.
You hit the giant cockroach but do no damage.
The giant cockroach bites you but does no damage.
You barely miss the giant cockroach. The giant cockroach misses you.
You hit the giant cockroach but do no damage.
The giant cockroach barely misses you.
A giant cockroach is nearby!
You hit the giant cockroach.
You kill the giant cockroach!
Trog sends monsters to punish you. 2 polar bears and 2 black bears come into view.
You see here 7 gold pieces.
You closely miss the polar bear.
There are monsters nearby!
You hit the polar bear but do no damage.
The polar bear bites you!
Ouch! That really hurt!
* * * LOW HITPOINT WARNING * * *
Your blood congeals into armour.
The polar bear misses you.
The polar bear claws you but does no damage.
You closely miss the polar bear. The polar bear bites you!
You die...

#.## ##.# #.....#
##.###<.# #.#..##
##.#.#.#####.#..#
#..............#
##.......##.....
#..#...#.....#.##
#.#######.##h#.#
#...###...##h#.#
#.###.###.##@#
#..#...#...#h#
##†..#(..#..h#
##.###.###..#
#...### ......
#.### ##.(.....
... .....>## ...
...#.## ####.
?..####


You could see 2 polar bears and 2 black bears.

Vanquished Creatures
  2 adders (D:2)
  A dart slug (D:1)
  3 ball pythons
  4 endoplasms
  2 giant cockroaches
  A hobgoblin (D:1)
  2 jackals (D:1)
  2 kobolds
  2 quokkas
  5 bats
  2 frilled lizards
  2 rats (D:1)
28 creatures vanquished.

Notes
Turn   | Place    | Note
-------+----------+-------------------------------------------
     0 | D:1      | theswoord the Demonspawn Gladiator began the quest for the
                  | Orb.
     0 | D:1      | Reached XP level 1. HP: 16/16 MP: 1/1
   164 | D:1      | Reached skill level 3 in Maces & Flails
   186 | D:1      | Gained mutation: When seriously injured, your blood forms
                  | armour. (AC +9) [demonic ancestry]
   186 | D:1      | Reached XP level 2. HP: 13/22 MP: 2/2
   980 | D:2      | Reached skill level 4 in Maces & Flails
   980 | D:2      | Gained mutation: When seriously injured, your blood forms
                  | thick armour. (AC +9) [demonic ancestry]
   980 | D:2      | Reached XP level 3. HP: 13/27 MP: 3/3
  1043 | D:2      | Found a faded altar of an unknown god.
  1068 | D:2      | Prayed at the altar of an unknown god.
  1068 | D:2      | Became a worshipper of Trog the Wrathful
  1068 | D:2      | Reached * piety under Trog
  1069 | D:2      | Fell from the grace of Trog
  1348 | D:2      | Noticed a black bear
  1348 | D:2      | Noticed a polar bear
  1348 | D:2      | Noticed a polar bear
  1348 | D:2      | Noticed a black bear
  1350 | D:2      | Slain by a polar bear

Skill      XL: |  1  2 |
---------------+-------+-----
Maces & Flails | 3 4 |  4.2
Fighting       | |  2.0
Throwing       | |  1.7
Dodging        | |  2.6

Action                     || total
---------------------------++-------
  Melee: Flail             ||    60
         Whip              ||    47
 Invoke: Renounce Religion ||     1
    Use: Scroll            ||     2
   Stab: Sleeping          ||     1
 Armour: Leather armour    ||    40
  Dodge: Dodged            ||    87

Levels and vault maps discovered:
D:1:      scummos_arrival_simple_crosswalls, layout_basic, nrook_campfire
D:2:      layout_loops_ring, ebering_ecumenical_altar_abandoned,
          minmay_misc_feat_pillars, minmay_between
